 Dungeon Crawl Stone Soup version 0.30-a0-728-gc68057be0a (webtiles) character file.

Game seed: 16171856674919534339

681 Dittersdorf the Shield-Bearer (level 7, -2/44 HPs)
             Began as a Gargoyle Fighter on Jan 31, 2023.
             Slain by a gnoll
             ... wielding a +0 club
              (4 damage)
             ... on level 4 of the Dungeon.
             The game lasted 00:05:09 (3054 turns).

Dittersdorf the Shield-Bearer (Gargoyle Fighter)    Turns: 3054, Time: 00:05:10

Health: -2/44      AC: 13    Str: 21    XL:     7   Next: 61%
Magic:  7/7        EV:  9    Int:  9    God:
Gold:   103        SH:  5    Dex: 15    Spells: 6/6 levels left

rFire   . . .      SeeInvis +    a - +0 flail
rCold   . . .      Faith    +    c - +0 buckler
rNeg    + . .      Spirit   .    b - +0 scale mail
rPois   ∞          Reflect  .    k - +0 helmet
rElec   +          Harm     .    (no cloak)
rCorr   .          Rampage  .    (no gloves)
Will    .....                    (no boots) Stlth
                                 e - amulet of faith
HPRegen 0.27/turn                h - ring of see invisible
MPRegen 0.10/turn                i - +6 ring of dexterity

@: no status effects
A: sickness immunity, AC +4, negative energy resistance 1, electricity
resistance, torment resistance 1, petrification resistance
a: no special abilities


You were on level 4 of the Dungeon.
You visited 1 branch of the dungeon, and saw 5 of its levels.

You collected 103 gold pieces.

Inventory:

Hand Weapons
 a - a +0 flail (weapon)
Missiles
 g - 12 poisoned darts (quivered)
Armour
 b - a +0 scale mail (worn)
 c - a +0 buckler (worn)
 k - a +0 helmet (worn)
Jewellery
 e - an amulet of faith (around neck)
 h - a ring of see invisible (left hand)
 i - a +6 ring of dexterity (right hand)
 m - a ring of magical power
Scrolls
 j - a scroll of brand weapon {unknown}
 l - a scroll of identify {unknown}
 o - a scroll of noise {unknown}
 q - a scroll of amnesia {unknown}
 r - a scroll of teleportation {unknown}
Potions
 d - 2 potions of might
 f - 2 potions of degeneration {unknown}
 n - 2 potions of curing {unknown}
 p - 3 potions of haste {unknown}
 s - a potion of magic {unknown}


   Skills:
 + Level 5.5 Fighting
 + Level 4.3 Maces & Flails
 + Level 5.4 Armour
 + Level 5.5 Shields


You had 6 spell levels left.
You didn't know any spells.
Your spell library contained the following spells:

 Spells                   Type           Power      Damage    Failure   Level
 Magic Dart               Conj           0%         1d3       80%         1
 Searing Ray              Conj           0%         2d4       90%         2
 Fulminant Prism          Conj/Hex       0%         3d5       100%        4
 Passage of Golubria      Tloc           0%         N/A       100%        4
 Silence                  Hex/Air        0%         N/A       100%        5
 Lehudib's Crystal Spear  Conj/Erth      0%         10d2      100%        8


Dungeon Overview and Level Annotations

Branches:
Dungeon (5/15)
 Temple: D:4-7

Altars:
Makhleb
Yredelemnul


Innate Abilities, Weirdness & Mutations

You are immune to sickness and miasma.
Your stone body is resilient. (AC +4)
You are immune to poison.
You resist negative energy. (rN+)
You are resistant to electric shocks. (rElec)
You are resistant to unholy torment.
You are immune to petrification.


Message History

The ogre closely misses you.
You barely miss the hound.
The hound is heavily wounded.
The hound bites you but does no damage. The hound barely misses you.
The gnoll hits you but does no damage. The ogre hits you with a +0 giant club.
You thump the hound!
You kill the hound!
The gnoll hits you but does no damage.
You sock the ogre!
The ogre is moderately wounded.
You block the gnoll's attack. The gnoll hits you but does no damage.
The ogre hits you with a +0 giant club!
You hit the ogre but do no damage.
The ogre is moderately wounded.
The gnoll hits you but does no damage. You block the gnoll's attack.
The ogre hits you with a +0 giant club! The gnoll barely misses you.
The gnoll hits you but does no damage.
You are too injured to fight recklessly!
You are too injured to fight recklessly!
You are too injured to fight recklessly!
You are too injured to fight recklessly!
You are too injured to fight recklessly!
You are too injured to fight recklessly!
You are too injured to fight recklessly!
You are too injured to fight recklessly!
The gnoll attacks as you move away! The gnoll hits you with a +0 club.
The ogre hits you with a +0 giant club!
* * * LOW HITPOINT WARNING * * *
The gnoll attacks as you move away! The gnoll hits you but does no damage.
The gnoll attacks as you move away! The gnoll hits you with a +0 whip.
* * * LOW HITPOINT WARNING * * *
There is a stone staircase leading up here.
The gnoll hits you with a +0 club.
* * * LOW HITPOINT WARNING * * *
The gnoll barely misses you.
You climb upwards.
There is a stone staircase leading down here.
The gnoll attacks as you move away! The gnoll hits you but does no damage.
The gnoll attacks as you move away! The gnoll hits you with a +0 club.
You die...

.....##...≈..§§§..≈.#
##.#####..≈≈§§≈≈.≈≈.#
##.# #............# #.#
#...#######..# #.##
##### #.## ##..#
######.### ....####
##...##...##
###...<#####..........##
###.##.........g@......#
........<......g.......#
.........##............#
.........###..........##
.........# ##...##...##
.........# ##########
##########


You could see 2 gnolls.

Vanquished Creatures
  Grinder (D:4)
  2 necrophages (D:4)
  A scorpion (D:4)
  A hound (D:5)
  An orc priest (D:4)
  An iguana (D:4)
  An orc wizard (D:4)
  A hound skeleton (D:4)
  Robin (D:2)
  7 gnolls
  4 adders
  A worm (D:4)
  A dart slug (D:1)
  3 orcs (D:4)
  6 endoplasms
  4 giant cockroaches
  5 hobgoblins
  8 kobolds
  3 quokkas
  4 ball pythons
  3 bats
  A frilled lizard (D:3)
  11 goblins
  3 rats
74 creatures vanquished.

Notes
Turn   | Place    | Note
-------+----------+-------------------------------------------
     0 | D:1      | Dittersdorf the Gargoyle Fighter began the quest for the
                  | Orb.
     0 | D:1      | Reached XP level 1. HP: 14/14 MP: 1/1
   120 | D:1      | Reached XP level 2. HP: 19/19 MP: 2/2
   478 | D:2      | Reached XP level 3. HP: 23/23 MP: 3/3
   577 | D:2      | Reached XP level 4. HP: 16/29 MP: 4/4
   657 | D:2      | Noticed Robin
   710 | D:2      | Killed Robin
  1267 | D:2      | You fall into a shaft and drop 2 floors!
  1268 | D:4      | yay!
  1286 | D:4      | Reached XP level 5. HP: 29/33 MP: 5/5
  1902 | D:3      | Found a faded altar of an unknown god.
  2152 | D:4      | Found a basalt altar of Yredelemnul.
  2233 | D:4      | Reached XP level 6. HP: 39/39 MP: 6/6
  2534 | D:4      | Noticed Grinder
  2550 | D:4      | Paralysed by Grinder for 5 turns
  2560 | D:4      | Paralysed by Grinder for 2 turns
  2563 | D:4      | Killed Grinder
  2564 | D:4      | Reached skill level 5 in Fighting
  2564 | D:4      | Reached skill level 5 in Armour
  2564 | D:4      | Reached skill level 5 in Shields
  2564 | D:4      | Reached XP level 7. HP: 12/44 MP: 7/7
  2770 | D:4      | Found a burning altar of Makhleb.
  3036 | D:5      | Entered Level 5 of the Dungeon
  3052 | D:5      | HP: 2/44 [gnoll/+0 club (3)]
  3054 | D:4      | Slain by a gnoll

Illustrated notes

##.
#######.....
#...@.......
########....
.


Turn 1268 on D:4: yay!

Levels and vault maps discovered:
D:1:      eino_arrival_druids_welcome, layout_rooms
D:2:      layout_basic, uniq_robin
D:3:      layout_rooms, dreamdust_ecumenical_altar_hidden_monk_grotto
D:4:      layout_rooms, mainiacjoe_overflow_concentric_impassable,
          makhleb_blood_cavern_becter, uniq_grinder
D:5:      layout_cave_pools, lemuel_crystal_altar, kennysheep_okawaru_gauntlet,
          serial_shops, nicolae_shop_trees

Skill      XL: |  1  2  3  4  5  6 |
---------------+-------------------+-----
Fighting       | 4 5 |  5.5
Shields        | 4 5 |  5.5
Armour         | 4 5 |  5.4
Maces & Flails | 3 4 |  4.3

Action                     |  1- 3 |  4- 6 |  7- 9 || total
---------------------------+-------+-------+-------++-------
  Melee: Flail             |    82 |   189 |    34 ||   305
  Throw: Dart              |       |     7 |       ||     7
 Armour: Scale mail        |    50 |    94 |    25 ||   169
  Dodge: Dodged            |    40 |    82 |    17 ||   139
  Block: Buckler           |    19 |    45 |    12 ||    76

Table legend: (Time is in decaauts)
 A = Elapsed time spent in this place.
 B = Non-inter-level travel time spent in this place.
 C = Inter-level travel time spent in this place.
 D = Time resting spent in this place.
 E = Time spent auto-exploring this place.
 F = Levels seen in this place.
 G = Mean time per level.
                   A        B        C        D        E       F      G
               +--------+--------+--------+--------+--------+-----+--------+
         Total |   3142 |   3004 |    138 |    145 |   2135 |   5 |  628.4 |
       Dungeon |   3142 |   3004 |    138 |    145 |   2135 |   5 |  628.4 |
               +--------+--------+--------+--------+--------+-----+--------+

Top non-repeatable levels by time:
     D:2: 1025 daAuts
     D:4: 1015 daAuts
     D:3: 592 daAuts
     D:1: 490 daAuts
     D:5: 18 daAuts
